[Event "Bruges Masters 2019"]
[Site "Bruges"]
[Date "2019.08.14"]
[Round "7.10"]
[White "Douriet Duany, Alexis"]
[Black "Tencati, Giuseppe"]
[Result "1/2-1/2"]
[ECO "D78"]
[WhiteElo "2247"]
[BlackElo "2101"]
[Annotator "ChessBase"]
[PlyCount "155"]
[EventDate "2019.08.11"]
[EventType "swiss"]
[EventCountry "BEL"]
[SourceTitle "playchess.com"]
[Source "ChessBase"]
[SourceQuality "1"]
[TimeControl "5400+30"]

1. d4 Nf6 2. Nf3 d5 3. c4 c6 4. g3 g6 5. Bg2 Bg7 6. O-O O-O 7. Ne5 Nfd7 8. Nxd7 Nxd7 9. cxd5 cxd5 10. Nc3 Nb6 11. a4 e6 12. b3 Bd7 13. Ba3 Re8 14. Rc1 a5 15. e3 Nc8 16. Qd2 Na7 17. Rc2 Rc8 18. Rfc1 Bf8 19. Bxf8 Rxf8 20. Bf1 Qb6 21. Bd3 Qb4 22. Kg2 Rc7 23. Qd1 Rcc8 24. Ne2 Rxc2 25. Qxc2 Rc8 26. Qb1 Rxc1 27. Nxc1 b5 28. axb5 Bxb5 29. Qc2 a4 30. bxa4 Qxa4 31. Qc7 Qa3 32. Bxb5 Nxb5 33. Qb8+ Kg7 34. Ne2 Nd6 35. Nf4 Ne4 36. Qe5+ Kg8 37. Nxe6 fxe6 38. Qxe6+ Kg7 39. Qxd5 Qe7 40. Qe5+ Qxe5 41. dxe5 Kf7 42. f3 Nc5 43. f4 h5 44. g4 hxg4 45. Kg3 Ne4+ 46. Kxg4 Ke6 47. h4 Nf2+ 48. Kg5 Kf7 49. h5 Ne4+ 50. Kh6 gxh5 51. Kxh5 Ke6 52. Kg6 Ng3 53. Kg5 Ne4+ 54. Kg4 Nf2+ 55. Kf3 Nd3 56. Ke2 Nxe5 57. fxe5 Kxe5 58. Kd2 Ke4 59. Ke2 Ke5 60. Kf3 Kf5 61. e4+ Ke5 62. Ke3 Ke6 63. Ke2 Ke5 64. Kd3 Ke6 65. Kd4 Kd6 66. e5+ Ke6 67. Ke4 Ke7 68. Kd3 Ke6 69. Kd4 Ke7 70. Kd5 Kd7 71. Kc5 Ke6 72. Kd4 Ke7 73. Kd5 Kd7 74. e6+ Ke7 75. Ke5 Ke8 76. Kd6 Kd8 77. e7+ Ke8 78. Ke6 1/2-1/2

[Event "Bruges Masters 2019"]
[Site "Bruges"]
[Date "2019.08.14"]
[Round "7.11"]
[White "Jicman, Ligia-Letitia"]
[Black "Decrop, Benjamin"]
[Result "0-1"]
[ECO "B22"]
[WhiteElo "2078"]
[BlackElo "2183"]
[Annotator "ChessBase"]
[PlyCount "52"]
[EventDate "2019.08.11"]
[EventType "swiss"]
[EventCountry "BEL"]
[SourceTitle "playchess.com"]
[Source "ChessBase"]
[SourceQuality "1"]
[TimeControl "5400+30"]

1. e4 c5 2. c3 Nf6 3. e5 Nd5 4. d4 cxd4 5. Nf3 e6 6. cxd4 d6 7. a3 Nc6 8. Bd3 g6 9. exd6 Qxd6 10. Nc3 Bg7 11. O-O O-O 12. Bc2 Nxc3 13. bxc3 b6 14. a4 Rd8 15. Ng5 Bb7 16. Qf3 Qc7 17. Qh3 h6 18. Ne4 Nxd4 19. Bb1 Ne2+ 20. Kh1 Nxc1 21. Rxc1 Rac8 22. Qe3 Bxe4 23. Bxe4 Qc5 24. Qe2 Qe5 25. Ra3 Qf4 26. Rc2 Qxe4 0-1

[Event "Bruges Masters 2019"]
[Site "Bruges"]
[Date "2019.08.14"]
[Round "7.12"]
[White "Danneel, Geert"]
[Black "Cornelisse, John"]
[Result "0-1"]
[ECO "B11"]
[WhiteElo "1909"]
[BlackElo "2180"]
[Annotator "ChessBase"]
[PlyCount "138"]
[EventDate "2019.08.11"]
[EventType "swiss"]
[EventCountry "BEL"]
[SourceTitle "playchess.com"]
[Source "ChessBase"]
[SourceQuality "1"]
[TimeControl "5400+30"]

1. e4 c6 2. Nc3 d5 3. Nf3 Bg4 4. h3 Bxf3 5. Qxf3 e6 6. d4 Be7 7. Bd3 Qb6 8. O-O Nf6 9. exd5 cxd5 10. Qg3 O-O 11. Bh6 Ne8 12. Rfe1 Qxd4 13. Nb5 Qh4 14. Bf4 Qxg3 15. Bxg3 Nc6 16. a3 Rc8 17. c4 dxc4 18. Bxc4 a6 19. Nc3 Nd4 20. Bd3 Nb3 21. Rad1 Nf6 22. Ne4 Rfd8 23. Nxf6+ Bxf6 24. Be4 Nc5 25. Rxd8+ Rxd8 26. Bf3 Bxb2 27. Bc7 Rd7 28. Bb6 Na4 29. Be3 Kf8 30. Rb1 Ke8 31. Bd1 Nc3 32. Rxb2 Nxd1 33. Re2 Nxe3 34. Rxe3 Rd4 35. Kf1 Ke7 36. Ke2 Kd7 37. Rc3 f5 38. f3 e5 39. Rc5 Ke6 40. Rc7 Rd7 41. Rc3 h5 42. Rc4 b5 43. Rc6+ Rd6 44. Rc7 g6 45. Rg7 Kd5 46. Rc7 e4 47. fxe4+ Kxe4 48. Re7+ Kd4 49. Rc7 Rb6 50. Kf3 a5 51. Kf4 b4 52. Rd7+ Kc3 53. Rc7+ Kd2 54. Rd7+ Ke2 55. Re7+ Kf2 56. Rd7 b3 57. Rd2+ Ke1 58. Rb2 Kd1 59. Ke3 a4 60. Kd3 Rd6+ 61. Kc3 Kc1 62. Rf2 Rc6+ 63. Kb4 Rc2 64. Rf1+ Kb2 65. Kxa4 Ka2 66. Kb4 b2 67. a4 b1=Q+ 68. Rxb1 Kxb1 69. a5 Rxg2 0-1

[Event "Bruges Masters 2019"]
[Site "Bruges"]
[Date "2019.08.14"]
[Round "8.1"]
[White "Legky, Nikolay A"]
[Black "Mirzoev, Azer"]
[Result "1/2-1/2"]
[ECO "D13"]
[WhiteElo "2397"]
[BlackElo "2474"]
[Annotator "ChessBase"]
[PlyCount "23"]
[EventDate "2019.08.11"]
[EventType "swiss"]
[EventCountry "BEL"]
[SourceTitle "playchess.com"]
[Source "ChessBase"]
[SourceQuality "1"]
[TimeControl "5400+30"]

1. d4 d5 2. c4 c6 3. Nf3 Nf6 4. cxd5 cxd5 5. Nc3 e6 6. Bf4 Nc6 7. e3 Bd6 8. Bxd6 Qxd6 9. Bd3 O-O 10. O-O Bd7 11. Qe2 Rfc8 12. Rfc1 1/2-1/2

[Event "Bruges Masters 2019"]
[Site "Bruges"]
[Date "2019.08.14"]
[Round "8.2"]
[White "Offringa, Joost"]
[Black "Ortiz Suarez, Isan Reynaldo"]
[Result "1/2-1/2"]
[ECO "A36"]
[WhiteElo "2291"]
[BlackElo "2533"]
[Annotator "ChessBase"]
[PlyCount "52"]
[EventDate "2019.08.11"]
[EventType "swiss"]
[EventCountry "BEL"]
[SourceTitle "playchess.com"]
[Source "ChessBase"]
[SourceQuality "1"]
[TimeControl "5400+30"]

1. c4 c5 2. Nc3 Nc6 3. g3 g6 4. Bg2 Bg7 5. e3 e5 6. Nge2 Nge7 7. O-O O-O 8. a3 d6 9. b4 Be6 10. Qb3 Rb8 11. Nd5 cxb4 12. axb4 b5 13. Nec3 bxc4 14. Qxc4 Nxb4 15. Rxa7 Nexd5 16. Nxd5 Nxd5 17. Bxd5 Qb6 18. Ra3 Rfc8 19. Qa2 Bxd5 20. Qxd5 Rc5 21. Qa2 Qc6 22. Ra6 Qc8 23. Ra7 Rc7 24. Rxc7 Qxc7 25. Qd5 Bf8 26. d4 Qb7 1/2-1/2

[Event "Bruges Masters 2019"]
[Site "Bruges"]
[Date "2019.08.14"]
[Round "8.3"]
[White "Dgebuadze, Alexandre"]
[Black "Li, Zhenyu"]
[Result "1-0"]
[ECO "D40"]
[WhiteElo "2495"]
[BlackElo "2129"]
[Annotator "ChessBase"]
[PlyCount "69"]
[EventDate "2019.08.11"]
[EventType "swiss"]
[EventCountry "BEL"]
[SourceTitle "playchess.com"]
[Source "ChessBase"]
[SourceQuality "1"]
[TimeControl "5400+30"]

1. c4 e6 2. Nf3 d5 3. e3 Nf6 4. Nc3 c5 5. d4 Nc6 6. a3 a6 7. dxc5 Bxc5 8. b4 Ba7 9. Bb2 O-O 10. Bd3 dxc4 11. Bxc4 Qe7 12. O-O b5 13. Bd3 Bb7 14. Rc1 Rfd8 15. Qe2 Rac8 16. Bb1 Bb8 17. Ne4 Nxe4 18. Bxe4 Na5 19. Bxb7 Nxb7 20. Nd4 Qd7 21. Rcd1 Qc7 22. f4 Nd6 23. Qg4 g6 24. Qh3 Nc4 25. Ba1 Ba7 26. Kh1 Nd6 27. Nxe6 fxe6 28. Qxe6+ Nf7 29. Qf6 Kf8 30. Qg7+ Ke7 31. Bf6+ Ke6 32. Bxd8 Rxd8 33. Qxh7 Kf6 34. Rxd8 Qxd8 35. f5 1-0

[Event "Bruges Masters 2019"]
[Site "Bruges"]
[Date "2019.08.14"]
[Round "8.4"]
[White "Cornelisse, John"]
[Black "Jonkman, Harmen"]
[Result "0-1"]
[ECO "D23"]
[WhiteElo "2180"]
[BlackElo "2394"]
[Annotator "NA"]
[PlyCount "66"]
[EventDate "2019.08.11"]
[EventType "swiss"]
[EventCountry "BEL"]
[SourceTitle "playchess.com"]
[Source "ChessBase"]
[SourceQuality "1"]
[TimeControl "5400+30"]

1. d4 d5 2. Nf3 Nf6 3. c4 dxc4 4. Qa4+ c6 5. Qxc4 e6 6. e3 Be7 7. Bd3 O-O 8. O-O b6 9. Qa4 Bb7 10. Rd1 Nbd7 11. Qc2 c5 12. Qe2 Qc7 13. Nc3 Rac8 14. Bd2 Rfd8 15. Rac1 Qb8 16. Bb1 h6 17. Be1 a6 18. e4 cxd4 19. Nxd4 Bd6 20. g3 b5 21. a3 Ne5 22. h3 Nc4 23. Kh2 Bc5 24. Nb3 Rxd1 25. Rxd1 Ba7 26. f3 Ba8 27. Na2 Nh5 28. f4 Qb6 29. Bc3 Qf2+ 30. Qxf2 Bxf2 31. g4 Bg3+ 32. Kg1 Nxf4 33. Nb4 Ne2+ 0-1

[Event "Bruges Masters 2019"]
[Site "Bruges"]
[Date "2019.08.14"]
[Round "8.5"]
[White "Du, Chunhui"]
[Black "Van Osch, Mees"]
[Result "1-0"]
[ECO "D78"]
[WhiteElo "2137"]
[BlackElo "2316"]
[Annotator "NA"]
[PlyCount "97"]
[EventDate "2019.08.11"]
[EventType "swiss"]
[EventCountry "BEL"]
[SourceTitle "playchess.com"]
[Source "ChessBase"]
[SourceQuality "1"]
[TimeControl "5400+30"]

1. Nf3 Nf6 2. d4 g6 3. g3 Bg7 4. Bg2 O-O 5. O-O d5 6. c4 c6 7. b3 dxc4 8. bxc4 c5 9. e3 Nc6 10. Bb2 Qb6 11. Qb3 Ne4 12. Ne5 Nd6 13. Nd2 Be6 14. Rfc1 Na5 15. Qxb6 axb6 16. d5 Bc8 17. Rab1 f6 18. Nd3 Bg4 19. Ba1 Ra6 20. h3 Bd7 21. f4 Re8 22. Ne1 e5 23. fxe5 fxe5 24. e4 Bh6 25. Nef3 Ba4 26. Bf1 Bg7 27. Bd3 Bh6 28. Bc3 Bg7 29. Rb2 Bf6 30. Rcb1 Nc8 31. Kg2 Kf8 32. Nf1 Re7 33. Ne3 h5 34. g4 Ke8 35. gxh5 gxh5 36. Nf5 Rh7 37. Bxe5 Bxe5 38. Nxe5 Bd7 39. Nxd7 Kxd7 40. e5 Ra8 41. e6+ Kc7 42. Kf3 Rh8 43. Ke4 Rf8 44. Rg1 Rxf5 45. Rg7+ Kb8 46. Kxf5 Nxc4 47. Bxc4 Nd6+ 48. Kg6 Nxc4 49. Rg8+ 1-0

[Event "Bruges Masters 2019"]
[Site "Bruges"]
[Date "2019.08.14"]
[Round "8.6"]
[White "Maugenest, Ghislain"]
[Black "Pel, Bonno"]
[Result "0-1"]
[ECO "A42"]
[WhiteElo "2068"]
[BlackElo "2255"]
[Annotator "NA"]
[PlyCount "68"]
[EventDate "2019.08.11"]
[EventType "swiss"]
[EventCountry "BEL"]
[SourceTitle "playchess.com"]
[Source "ChessBase"]
[SourceQuality "1"]
[TimeControl "5400+30"]

1. d4 d6 2. c4 g6 3. e4 Bg7 4. Nc3 e5 5. d5 f5 6. exf5 gxf5 7. Qh5+ Kf8 8. Bd3 Nf6 9. Qd1 Na6 10. Nge2 Qe8 11. O-O Qg6 12. Ng3 h5 13. f4 e4 14. Bb1 Rg8 15. Qe2 Ng4 16. Ngxe4 fxe4 17. f5 Bd4+ 18. Kh1 Qe8 19. f6 Rg6 20. f7 Qe7 21. Nxe4 Bd7 22. Qd3 Bg7 23. h3 Ne5 24. Qd1 Bg4 25. Qc2 Nb4 26. Qb3 a5 27. a3 Be2 28. Rf5 Qh4 29. Bd2 Bxc4 30. Qd1 Nbd3 31. Ng5 Rxg5 32. Bxg5 Nf2+ 33. Rxf2 Qxf2 34. Qxh5 Bxd5 0-1

[Event "Bruges Masters 2019"]
[Site "Bruges"]
[Date "2019.08.14"]
[Round "8.7"]
[White "Vandendriessche, Jan"]
[Black "Citak, Selim"]
[Result "1-0"]
[ECO "A05"]
[WhiteElo "2078"]
[BlackElo "2253"]
[Annotator "NA"]
[PlyCount "94"]
[EventDate "2019.08.11"]
[EventType "swiss"]
[EventCountry "BEL"]
[SourceTitle "playchess.com"]
[Source "ChessBase"]
[SourceQuality "1"]
[TimeControl "5400+30"]

1. Nf3 Nf6 2. g3 g6 3. Bg2 Bg7 4. O-O O-O 5. d3 c5 6. Nbd2 Nc6 7. e4 d6 8. a4 Rb8 9. Nc4 Qc7 10. Nh4 b6 11. f4 e6 12. Ne3 Rd8 13. g4 d5 14. g5 d4 15. gxf6 Bxf6 16. Ng4 Bxh4 17. f5 f6 18. fxg6 hxg6 19. Nxf6+ Bxf6 20. Rxf6 Qg7 21. Bg5 Bd7 22. Bh3 Rf8 23. Bxe6+ Bxe6 24. Rxe6 Ne5 25. Kg2 Nf3 26. Be7 Qf7 27. Bxf8 Rxf8 28. Rd6 Qh7 29. h3 Qh5 30. Rd5 g5 31. Rf5 Nh4+ 32. Kh2 Nf3+ 33. Kg3 Qh4+ 34. Kg2 g4 35. Rxf8+ Kxf8 36. Qh1 Ng5 37. Rf1+ Ke7 38. Qh2 gxh3+ 39. Kh1 Ne6 40. Qf2 Qg4 41. e5 Nf4 42. Rg1 Qf5 43. Qh4+ Kd7 44. Rg7+ Kc6 45. Qf6+ Qxf6 46. exf6 Kd6 47. Rxa7 Kd5 1-0

[Event "Bruges Masters 2019"]
[Site "Bruges"]
[Date "2019.08.14"]
[Round "8.8"]
[White "Decrop, Benjamin"]
[Black "Van Malder, Dries"]
[Result "1/2-1/2"]
[ECO "E14"]
[WhiteElo "2183"]
[BlackElo "2178"]
[Annotator "NA"]
[PlyCount "20"]
[EventDate "2019.08.11"]
[EventType "swiss"]
[EventCountry "BEL"]
[SourceTitle "playchess.com"]
[Source "ChessBase"]
[SourceQuality "1"]
[TimeControl "5400+30"]

1. d4 Nf6 2. Nf3 e6 3. e3 b6 4. Bd3 Bb7 5. O-O c5 6. Nbd2 d6 7. b3 Be7 8. Bb2 O-O 9. c4 Nbd7 10. Qe2 a6 1/2-1/2

[Event "Bruges Masters 2019"]
[Site "Bruges"]
[Date "2019.08.14"]
[Round "8.9"]
[White "De Jong, Migchiel"]
[Black "Cocquyt, Tijs"]
[Result "1-0"]
[ECO "B30"]
[WhiteElo "2345"]
[BlackElo "2114"]
[Annotator "NA"]
[PlyCount "59"]
[EventDate "2019.08.11"]
[EventType "swiss"]
[EventCountry "BEL"]
[SourceTitle "playchess.com"]
[Source "ChessBase"]
[SourceQuality "1"]
[TimeControl "5400+30"]

1. e4 c5 2. Nf3 Nc6 3. Nc3 e5 4. Bc4 Be7 5. d3 Nf6 6. Nd2 d6 7. Nf1 Bg4 8. Qd2 O-O 9. Ne3 Be6 10. O-O Nd4 11. Ncd5 b5 12. Nxf6+ Bxf6 13. Bd5 Rc8 14. c3 Nc6 15. a4 b4 16. Qd1 Bg5 17. Bxe6 fxe6 18. Qg4 Qe7 19. Nd5 exd5 20. Bxg5 Qf7 21. f4 dxe4 22. dxe4 exf4 23. Rxf4 Ne5 24. Rxf7 Nxg4 25. Rxa7 bxc3 26. bxc3 Rb8 27. Be7 Rf7 28. Bxd6 Rxa7 29. Bxb8 Rd7 30. a5 1-0

[Event "Bruges Masters 2019"]
[Site "Bruges"]
[Date "2019.08.14"]
[Round "8.10"]
[White "Leenhouts, Koen"]
[Black "Van Vliet, Dennis"]
[Result "1-0"]
[ECO "E32"]
[WhiteElo "2426"]
[BlackElo "2057"]
[Annotator "NA"]
[PlyCount "41"]
[EventDate "2019.08.11"]
[EventType "swiss"]
[EventCountry "BEL"]
[SourceTitle "playchess.com"]
[Source "ChessBase"]
[SourceQuality "1"]
[TimeControl "5400+30"]

1. d4 e6 2. c4 Nf6 3. Nc3 Bb4 4. Qc2 O-O 5. Nf3 b6 6. e4 Bxc3+ 7. bxc3 d6 8. Bd3 h6 9. O-O Bb7 10. Ba3 c5 11. d5 e5 12. Rae1 Nh5 13. Bc1 Bc8 14. Be2 Nd7 15. Nxe5 Nxe5 16. Bxh5 Nxc4 17. Be2 b5 18. f4 f5 19. e5 Bb7 20. e6 Bxd5 21. Bxc4 1-0

[Event "Bruges Masters 2019"]
[Site "Bruges"]
[Date "2019.08.14"]
[Round "8.11"]
[White "Wecker, Martin"]
[Black "Quesada Vera, Liordis"]
[Result "0-1"]
[ECO "A55"]
[WhiteElo "2134"]
[BlackElo "2386"]
[Annotator "NA"]
[PlyCount "86"]
[EventDate "2019.08.11"]
[EventType "swiss"]
[EventCountry "BEL"]
[SourceTitle "playchess.com"]
[Source "ChessBase"]
[SourceQuality "1"]
[TimeControl "5400+30"]

1. Nf3 d6 2. d4 Nd7 3. c4 e5 4. Nc3 Be7 5. e4 Ngf6 6. Be2 O-O 7. O-O c6 8. Re1 Qe8 9. Bf1 Bd8 10. h3 Ba5 11. Bd2 h6 12. a3 exd4 13. Nxd4 Ne5 14. Qc2 Bb6 15. Be3 Bxh3 16. Nf5 Bxf5 17. Bxb6 Bh7 18. Bd4 c5 19. Be3 Qe6 20. b3 Nfg4 21. f3 Nxe3 22. Rxe3 Nc6 23. Nd5 Rad8 24. Qf2 Kh8 25. Rae1 f6 26. g3 Ne5 27. Kh2 Qe8 28. Bh3 Bg8 29. Kg2 a6 30. a4 Nc6 31. Qd2 Nd4 32. Rd3 Bxd5 33. exd5 Qg6 34. Re7 Rde8 35. Rxe8 Rxe8 36. Re3 Rxe3 37. Qxe3 Qc2+ 38. Kh1 Qd1+ 39. Kg2 f5 40. f4 a5 41. g4 Qxb3 42. Qe8+ Kh7 43. g5 Qf3+ 0-1

[Event "Bruges Masters 2019"]
[Site "Bruges"]
[Date "2019.08.14"]
[Round "8.12"]
[White "Olander, Aleksi"]
[Black "Goudriaan, Etienne"]
[Result "1/2-1/2"]
[ECO "E02"]
[WhiteElo "2066"]
[BlackElo "2341"]
[Annotator "NA"]
[PlyCount "70"]
[EventDate "2019.08.11"]
[EventType "swiss"]
[EventCountry "BEL"]
[SourceTitle "playchess.com"]
[Source "ChessBase"]
[SourceQuality "1"]
[TimeControl "5400+30"]

1. d4 Nf6 2. c4 e6 3. g3 d5 4. Bg2 dxc4 5. Qa4+ Bd7 6. Qxc4 Bc6 7. Nf3 Nbd7 8. Nc3 Bd6 9. O-O Ne4 10. Rd1 Nxc3 11. bxc3 O-O 12. Qd3 Nf6 13. c4 Be4 14. Qb3 h6 15. Ne5 Bxg2 16. Kxg2 Rb8 17. Bb2 Qe8 18. Ba3 b5 19. Bxd6 cxd6 20. Nf3 Qc6 21. cxb5 Rxb5 22. Qa3 Rfb8 23. Rac1 Qd5 24. Qxa7 Ra8 25. Qe7 Rb7 26. Rc7 Rxc7 27. Qxc7 Rxa2 28. Rb1 Rxe2 29. Rb8+ Kh7 30. Qxf7 Qe4 31. Rb7 Qg6 32. Qxg6+ Kxg6 33. Nh4+ Kh7 34. Kf3 Rd2 35. Re7 Rxd4 {[%emt 0:28:46] Ke4} 1/2-1/2

[Event "Bruges Masters 2019"]
[Site "Bruges"]
[Date "2019.08.15"]
[Round "9.4"]
[White "Pel, Bonno"]
[Black "Du, Chunhui"]
[Result "1/2-1/2"]
[ECO "A00"]
[WhiteElo "2255"]
[BlackElo "2137"]
[Annotator "ChessBase"]
[PlyCount "40"]
[EventDate "2019.08.11"]
[EventType "swiss"]
[EventCountry "BEL"]
[SourceTitle "playchess.com"]
[Source "ChessBase"]
[SourceQuality "1"]
[TimeControl "5400+30"]

1. g3 Nf6 2. Bg2 c6 3. e4 e5 4. d3 d5 5. Nc3 dxe4 6. dxe4 Bb4 7. Qxd8+ Kxd8 8. Bd2 Bd6 9. O-O-O Kc7 10. f4 Nfd7 11. Nf3 f6 12. Be3 Nb6 13. b3 Bg4 14. h3 Bxf3 15. Bxf3 N8d7 16. Rd2 Bc5 17. Nd1 a5 18. c3 Rhe8 19. f5 Rad8 20. Re1 a4 1/2-1/2

[Event "Bruges Masters 2019"]
[Site "Bruges"]
[Date "2019.08.15"]
[Round "9.6"]
[White "Quesada Vera, Liordis"]
[Black "De Waele, Warre"]
[Result "1-0"]
[ECO "D02"]
[WhiteElo "2386"]
[BlackElo "2225"]
[Annotator "ChessBase"]
[PlyCount "81"]
[EventDate "2019.08.11"]
[EventType "swiss"]
[EventCountry "BEL"]
[SourceTitle "playchess.com"]
[Source "ChessBase"]
[SourceQuality "1"]
[TimeControl "5400+30"]

1. d4 Nf6 2. Nf3 d5 3. g3 c5 4. Bg2 cxd4 5. O-O e6 6. b3 Bd6 7. Nxd4 O-O 8. Bb2 a6 9. c4 dxc4 10. bxc4 Qc7 11. Nb3 Be7 12. N1d2 Nc6 13. c5 Rd8 14. Qc1 Bd7 15. Nc4 Be8 16. Qc3 Bf8 17. Rfc1 Rab8 18. Qf3 Nd7 19. Qe3 Rdc8 20. Ba3 Nf6 21. Rab1 Rd8 22. Nd6 Bd7 23. Rc4 Ne7 24. Qc1 Bc6 25. e4 Nd7 26. Qf4 Nf6 27. Bb4 Ng6 28. Qc1 Ne5 29. Ba5 b6 30. Bxb6 Rxb6 31. cxb6 Qxd6 32. Rd4 Qb8 33. Rxd8 Qxd8 34. Na5 Bxe4 35. Bxe4 Nxe4 36. b7 Qd5 37. b8=Q Nf3+ 38. Kg2 Neg5 39. Qxf8+ Kxf8 40. Qc8+ Ke7 41. Qb7+ 1-0

[Event "Bruges Masters 2019"]
[Site "Bruges"]
[Date "2019.08.15"]
[Round "9.8"]
[White "Dauw, Sterre"]
[Black "Bekker, Stefan"]
[Result "0-1"]
[ECO "A16"]
[WhiteElo "2148"]
[BlackElo "2272"]
[Annotator "ChessBase"]
[PlyCount "104"]
[EventDate "2019.08.11"]
[EventType "swiss"]
[EventCountry "BEL"]
[SourceTitle "playchess.com"]
[Source "ChessBase"]
[SourceQuality "1"]
[TimeControl "5400+30"]

1. e3 Nf6 2. c4 g6 3. Nc3 Bg7 4. a3 d6 5. b4 a5 6. Bb2 O-O 7. Nf3 axb4 8. axb4 Rxa1 9. Qxa1 Na6 10. b5 Nc5 11. d4 Nce4 12. Bd3 Nxc3 13. Bxc3 Bg4 14. Nd2 e5 15. O-O exd4 16. Bxd4 Re8 17. h3 Bd7 18. Ne4 Re6 19. Ng5 Re8 20. Ne4 Nxe4 21. Bxg7 f5 22. Bb2 Qa8 23. Qd1 Qa2 24. Qc2 Qa5 25. Ra1 Qb4 26. Kf1 Nc5 27. Bc3 Qb3 28. Qxb3 Nxb3 29. Ra7 Nc5 30. Be2 Be6 31. Ba5 b6 32. Bc3 Rc8 33. f3 Nd7 34. Kf2 Ne5 35. Bxe5 dxe5 36. f4 e4 37. Ke1 Kf8 38. Kd2 Ke7 39. c5 bxc5 40. b6 Kd6 41. Ba6 Rb8 42. bxc7 Rh8 43. Kc3 Kc6 44. c8=Q+ Bxc8 45. Ra8 Kc7 46. Rxc8+ Rxc8 47. Bxc8 Kxc8 48. Kc4 Kb7 49. Kxc5 Ka6 50. g4 h6 51. g5 hxg5 52. fxg5 f4 0-1

[Event "Bruges Masters 2019"]
[Site "Bruges"]
[Date "2019.08.15"]
[Round "9.9"]
[White "Goossens, Hanne"]
[Black "Offringa, Joost"]
[Result "1/2-1/2"]
[ECO "B07"]
[WhiteElo "2134"]
[BlackElo "2291"]
[Annotator "ChessBase"]
[PlyCount "22"]
[EventDate "2019.08.11"]
[EventType "swiss"]
[EventCountry "BEL"]
[SourceTitle "playchess.com"]
[Source "ChessBase"]
[SourceQuality "1"]
[TimeControl "5400+30"]

1. e4 d6 2. d4 Nf6 3. Nc3 g6 4. Bg5 c6 5. Qd2 b5 6. Bd3 b4 7. Nce2 Qb6 8. f4 Bg7 9. Nf3 Bg4 10. O-O O-O 11. Kh1 Nbd7 1/2-1/2